 Dungeon Sprint DCSS version 0.31-a0-818-ge7c7cf74f0 (webtiles) character file.

Game seed: 5803089915717729649

112 sircluck the Ruffian (level 4, -6/75 HPs)
             Began as a Troll Berserker on Sept 22, 2023.
             Was a Priest of Trog.
             Killed from afar by a deep elf pyromancer (9 damage)
             ... with a bolt of fire
             ... in the Dungeon (Sprint III: "The Ten Rune Challenge") on Sept 23, 2023.
             The game lasted 00:01:13 (172 turns).

sircluck the Ruffian (Troll Berserker)               Turns: 172, Time: 00:01:14

Health: -6/75      AC:  6    Str: 27    XL:     4   Next: 64%
Magic:  3/3        EV: 10    Int:  3    God:    Trog [***...]
Gold:   15         SH:  0    Dex:  9    Spells: 3/3 levels left

rFire   + .          .
                       - Unarmed
rCold   . . .        (no shield)
rNeg    . . .        a - +0 animal skin
rPois   .            (helmet restricted)
rElec   .            (no cloak)
rCorr   .            (gloves unavailable)
SInv    .            (boots unavailable)
Will    .....        (no amulet) Stlth
                     (no ring)
HPRegen 1.12/turn    (no ring)
MPRegen 0.08/turn

%: no teleportation
@: berserking, very quick
A: large, unfitting armour, claws 3, regeneration 1, shaggy fur 1, tough skin 1,
iridescent scales 1, fire resistance 1
a: Renounce Religion, Berserk, Trog's Hand


You were in the Dungeon.
You worshipped Trog.
Trog was most pleased with you.
You visited 1 branch You collected 15 gold pieces.

Inventory:

Armour
 a - a +0 animal skin (worn)
Scrolls
 g - a scroll of blinking
 i - a scroll of immolation {unknown}
 j - 4 scrolls of identify
 l - a scroll of poison {unknown}
Potions
 b - a potion of curing
 c - 2 potions of heal wounds
 d - a potion of haste
 e - 2 potions of magic
 f - a potion of berserk rage
 h - 2 potions of mutation
 k - 3 potions of enlightenment


   Skills:
 + Level 5.1 Fighting
 + Level 5.0 Dodging
 + Level 6.1 Unarmed Combat


You had 3 spell levels left.
You didn't know any spells.
Your spell library was empty.

Dungeon Overview and Level Annotations

Branches:
Dungeon (1/1)

Altars:
Elyvilon
Zin
The Shining One


Innate Abilities, Weirdness & Mutations

You are too large for most types of armour.
You have claws for hands.
Your natural rate of healing is unusually fast.
You are covered in fur. (AC +1)
You have tough skin. (AC +1)
You are partially covered in iridescent scales. (AC +2)
Your flesh is heat resistant. (rF+)


Message History

The deep elf pyromancer is lightly wounded.
The deep elf pyromancer hits you with a +2 long sword of holy wrath!
You scratch the deep elf pyromancer.
The deep elf pyromancer is lightly wounded.
The deep elf pyromancer hits you with a +2 long sword of holy wrath!
You closely miss the deep elf pyromancer.
The deep elf pyromancer is lightly wounded.
The deep elf pyromancer hits you but does no damage.
You barely miss the deep elf pyromancer.
The deep elf pyromancer is lightly wounded.
The deep elf pyromancer gestures wildly while chanting.
The deep elf pyromancer blinks!
The deep elf pyromancer hits you with a +2 long sword of holy wrath!
You are too injured to fight recklessly!
You are too injured to fight recklessly!
You are too injured to fight recklessly!
You are too injured to fight recklessly!
You claw the deep elf pyromancer!
The deep elf pyromancer is moderately wounded.
The deep elf pyromancer hits you with a +2 long sword of holy wrath!
* * * LOW HITPOINT WARNING * * *
You closely miss the deep elf pyromancer.
The deep elf pyromancer is moderately wounded.
You scratch the deep elf pyromancer.
The deep elf pyromancer is heavily wounded.
The deep elf pyromancer hits you with a +2 long sword of holy wrath.
* * * LOW HITPOINT WARNING * * *
You closely miss the deep elf pyromancer.
The deep elf pyromancer is heavily wounded.
The deep elf pyromancer hits you with a +2 long sword of holy wrath!
* * * LOW HITPOINT WARNING * * *
A red film seems to cover your vision as you go berserk!
You feel yourself moving faster!
You feel mighty!
The deep elf pyromancer hits you with a +2 long sword of holy wrath!
* * * LOW HITPOINT WARNING * * *
You claw the deep elf pyromancer!
The deep elf pyromancer is severely wounded.
The deep elf pyromancer gestures at you while chanting.
The bolt of fire hits you! You resist.
You die...

▓▓▓▓▓ ▓▓▓ #[..####
##.#####
#......#####..#___#
#....)..#..#..#!..#
##.##...#..#..###'#+###+##
##.###..##'#..#e@........#
###.##..###...'.⌠........#
#..##.†####...#...######+#
...##..###....#.⌠.#
..##...##.....#...#
.##....#......#+###
###..##.#.....# #
#..#####....# ▓ ▓▓▓▓
▓▓▓▓▓▓


You could see a deep elf pyromancer.

Vanquished Creatures
  A water elemental (D)
  Jessica (D)
  A human (D)
  A phantom (D)
  An endoplasm (D)
  2 rats (D)
7 creatures vanquished.

Notes
Turn   | Place    | Note
-------+----------+-------------------------------------------
     0 | D        | sircluck the Troll Berserker began the quest for the Orb.
     0 | D        | Reached XP level 1. HP: 22/22 MP: 0/0
    24 | D        | Noticed Jessica
    28 | D        | Killed Jessica
    28 | D        | Reached ** piety under Trog
    29 | D        | Reached skill level 4 in Unarmed Combat
    29 | D        | Reached XP level 2. HP: 28/32 MP: 1/1
    38 | D        | Reached XP level 3. HP: 39/39 MP: 2/2
    82 | D        | Reached *** piety under Trog
    83 | D        | Reached skill level 5 in Unarmed Combat
   105 | D        | Gained mutation: Your flesh is heat resistant. (rF+)
                  | [potion of mutation]
   105 | D        | Gained mutation: You are partially covered in iridescent
                  | scales. (AC +2) [potion of mutation]
   111 | D        | Noticed a water elemental
   114 | D        | Killed a water elemental
   115 | D        | Reached skill level 5 in Fighting
   115 | D        | Reached skill level 5 in Dodging
   115 | D        | Reached skill level 6 in Unarmed Combat
   115 | D        | Reached XP level 4. HP: 50/50 MP: 3/3
   158 | D        | Found a glowing silver altar of Zin.
   158 | D        | Found a glowing golden altar of the Shining One.
   158 | D        | Found a white marble altar of Elyvilon.
   159 | D        | Noticed a deep elf pyromancer
   171 | D        | HP: 2/75 [deep elf pyromancer/+2 long sword of holy wrath
                  | (9)]
   172 | D        | Killed from afar by a deep elf pyromancer

Illustrated notes

Levels and vault maps discovered:
D:        dungeon_sprint_mu [sprint_mu_entry_cave, sprint_mu_temple_rooms,
          sprint_mu_d1_horrors, sprint_mu_d2_genie, sprint_mu_d3_branching,
          sprint_mu_orc_legion, sprint_mu_elf_gauntlet, sprint_mu_hive_nellie,
          sprint_mu_lair_fedhas, sprint_mu_vaults_butterflies,
          sprint_mu_slime_circle, sprint_mu_swamp_cave, sprint_mu_shoals_kraken,
          sprint_mu_blade_basic, sprint_mu_crypt_chambers,
          sprint_mu_tomb_spiral, sprint_mu_vestibule_basic,
          sprint_mu_gehenna_hellfire, sprint_mu_dis_giant,
          sprint_mu_tartarus_statrot, sprint_mu_cocytus_islands, sprint_mu_zot1]

Skill      XL: |  1  2  3 |
---------------+----------+-----
Fighting       | 3 5 |  5.1
Dodging        | 3 5 |  5.0
Unarmed Combat | 4 6 |  6.1

Action                     |  1- 3 |  4- 6 || total
---------------------------+-------+-------++-------
  Melee: Unarmed           |    24 |     9 ||    33
 Invoke: Berserk           |     1 |     1 ||     2
    Use: Potion            |     1 |       ||     1
 Armour: Animal skin       |    16 |    10 ||    26
  Dodge: Dodged            |     4 |       ||     4

Table legend: (Time is in decaauts)
 A = Elapsed time spent in this place.
 B = Non-inter-level travel time spent in this place.
 C = Inter-level travel time spent in this place.
 D = Time resting spent in this place.
 E = Time spent auto-exploring this place.
 F = Levels seen in this place.
 G = Mean time per level.
                   A        B        C        D        E       F      G
               +--------+--------+--------+--------+--------+-----+--------+
         Total |    177 |    177 |      0 |     51 |     54 |   1 |  177.0 |
       Dungeon |    177 |    177 |      0 |     51 |     54 |   1 |  177.0 |
               +--------+--------+--------+--------+--------+-----+--------+

Top non-repeatable levels by time:
       D: 177 daAuts
